 Dungeon Crawl Stone Soup version 0.20-a0-1127-g1289703 (webtiles) character file.

19002 Leszczynek the Cleaver (level 12, -4/103 HPs)
             Began as a Deep Dwarf Monk on May 18, 2017.
             Was a High Priest of Makhleb.
             Slain by a hellwing (5 damage)
             ... summoned by a kobold demonologist
             ... on level 12 of the Dungeon.
             The game lasted 00:37:06 (6310 turns).

Leszczynek the Cleaver (Deep Dwarf Monk)            Turns: 6310, Time: 00:37:07

Health: -4/103     AC:  0    Str: 23    XL:     12   Next: 32%
Magic:  15/15      EV:  9    Int: 12    God:    Makhleb [*****.]
Gold:   377        SH:  7    Dex: 18    Spells: 6/11 levels left

rFire    + . .     SeeInvis .   a - +5 broad axe (venom)
rCold    + . .     Gourm    .   u - +0 buckler
rNeg     . . .     Faith    .   e - +3 plate armour
rPois    .         Spirit   .   h - +0 helmet
rElec    .         Reflect  +   K - +2 cloak
rCorr    .         Harm     .   y - +1 pair of gloves
MR       +....                  G - +3 pair of boots of the Pirate {rC+ Str+4 Dex+3}
Stlth    ..........             w - +2 amulet of reflection
Regen    0.0/turn               D - ring of protection from fire
MPRegen  0.2/turn               (no ring)

@: corroded, non-regenerating
A: damage resistance, heal wounds, sense surroundings 2, no regeneration
a: Heal Wounds, Minor Destruction, Lesser Servant of Makhleb, Major Destruction,
Greater Servant of Makhleb, Renounce Religion


You were on level 12 of the Dungeon.
You worshipped Makhleb.
Makhleb was extremely pleased with you.
You were not hungry.

You visited 1 branch of the dungeon, and saw 12 of its levels.
You also visited: Ossuary and Bailey.

You collected 566 gold pieces.
You spent 189 gold pieces at shops.

Inventory:

Hand Weapons
 a - a +5 broad axe of venom (weapon)
 s - a +0 blowgun
Armour
 e - a +3 plate armour (worn)
 h - a +0 helmet (worn)
 k - a +0 crystal plate armour
 u - a +0 buckler (worn)
 y - a +1 pair of gloves (worn)
 z - a cursed +0 shield
 G - the +3 pair of boots of the Pirate (worn) {rC+ Str+4 Dex+3}
   (You found it on level 7 of the Dungeon)

   It affects your strength (+4).
   It affects your dexterity (+3).
   It protects you from cold.
 K - a +2 cloak (worn)
Jewellery
 w - a +2 amulet of reflection (around neck)
 x - an uncursed ring of ice
 D - a ring of protection from fire (left hand)
 M - an uncursed ring of protection from fire
Wands
 o - a wand of flame (19/48)
 r - a wand of flame (17/48)
 v - a wand of random effects (26/48)
 P - a wand of iceblast (6/15)
 Q - a wand of lightning (6/15)
Scrolls
 l - 2 scrolls of identify {@r1}
 p - 8 scrolls of teleportation
 C - 3 scrolls of remove curse {@r2}
 F - 2 scrolls of recharging {unknown}
 I - a scroll of fear
 O - a scroll of vulnerability {unknown}
Potions
 b - a potion of ambrosia
 f - 10 potions of curing {@q1}
 j - 5 potions of heal wounds {unknown}
 m - a potion of invisibility {unknown}
 q - 4 potions of mutation {!q}
 t - 3 potions of flight {unknown}
 A - 2 potions of agility {unknown}
 B - 3 potions of might {unknown}
 E - 4 potions of haste
 H - a potion of berserk rage {unknown}
 J - 3 potions of brilliance {unknown}
 L - a potion of lignification {!q}
Miscellaneous
 N - a box of beasts
Comestibles
 c - a meat ration
 d - 3 bread rations
 g - 5 fruits
 i - 2 royal jellies
 n - 4 chunks of flesh


   Skills:
 + Level 5.0 Fighting
 * Level 13.2(13.6) Axes
   Level 4.8(9.4) Maces & Flails
 + Level 8.4 Armour
 + Level 3.4 Dodging
 - Level 2.4 Stealth
 - Level 4.0 Shields
 - Level 10.4 Invocations
 - Level 11.3 Evocations


You had 6 spell levels left.
You knew the following spells:

 Your Spells              Type           Power        Failure   Level  Hunger
a - Song of Slaying       Chrm           #.......     100%        2    ###....
b - Spectral Weapon       Hex/Chrm       #.......     100%        3    ####...


Dungeon Overview and Level Annotations

Branches:
Dungeon (12/15)            Temple (0/1) D:7            Lair (0/6) D:8
    Orc: D:9-12

Altars:
Dithmenos
Hepliaklqana
Kikubaaqudgha
Makhleb
Nemelex Xobeh
Ru
The Shining One

Shops:
D:6 %([%   D:11 ?

Annotations:
D:4 Natasha
D:7 Prince Ribbit
D:8 Gastronok


Innate Abilities, Weirdness & Mutations

You are resistant to damage.
You can heal yourself by infusing magical energy.
You passively map the area around you.
You do not regenerate.


Message History

* * * LOW HITPOINT WARNING * * *
The hellwing hits you.
* * * LOW HITPOINT WARNING * * *
You block the hellwing's attack. The hellwing closely misses you.
The hellwing hits you.
The kobold demonologist hits you with a dagger.
Unknown command.
Unknown command.
Unknown command.
You feel much better. The sixfirhy hits you. The sixfirhy shocks you!
The sixfirhy hits you. The sixfirhy shocks you! The sixfirhy hits you!
* * * LOW HITPOINT WARNING * * *
The sixfirhy shocks you!
* * * LOW HITPOINT WARNING * * *
The kobold demonologist looks braver for a moment.
You block the big kobold's attack. The sixfirhy closely misses you.
The hellwing hits you!
* * * LOW HITPOINT WARNING * * *
The hellwing hits you!
You die...

, , * * .#.......#.....
, * ** , ..... .... ...#
* * , .....#........# *
* , ,......... ....# , *
, ......#>.....# , ,
.....)K4#....## .......
*
.....53KK55....##.......
.....K4@# ,* ..#.....# ,
......K4# #........ *
>.......K# , #........ ,
.......(##### #....... *
,........(...## #.....#
, *
........###..######)).#
,........#
##.......)..## **
........# #............#
*
........##..............


You could see 2 hellwings, 3 kobold demonologists, a sixfirhy, a chaos spawn, a
big kobold, a quasit, 2 white imps and 2 kobolds.

Vanquished Creatures
  An orc warlord (Bailey)
  A two-headed ogre (D:9)
  An unseen horror (D:11)
  An orc knight (Bailey)
  Joseph (D:7)
  A centaur skeleton (D:11)
  4 kobold demonologists
  2 hippogriffs
  A hornet (D:10)
  18 yaks
  A steam dragon (D:8)
  A basilisk (D:8)
  A water moccasin (D:11)
  2 sky beasts
  An orc warrior (Bailey)
  Purgy (D:3)
  2 ice beasts
  6 ogres
  5 phantoms
  3 centaurs
  3 big kobolds (D:11)
  5 bullfrogs
  2 scorpions
  8 killer bees
  5 wights (D:9)
  5 howler monkeys
  A bullfrog zombie (D:11)
  3 jellies
  6 crimson imps
  6 hounds
  2 centaur zombies (D:11)
  An orc priest (D:6)
  7 orc wizards
  A bullfrog skeleton (D:5)
  Jessica (D:2)
  An iguana (D:11)
  2 worker ants
  12 mummies (Ossuary)
  A worker ant zombie (D:6)
  Robin (D:2)
  2 gnolls (Bailey)
  10 adders
  4 shadow imps
  2 oozes
  An adder skeleton (D:5)
  5 worms
  3 dart slugs
  3 leopard geckos
  30 orcs
  A ball python (D:3)
  4 giant cockroaches
  15 goblins
  11 hobgoblins
  18 jackals
  19 kobolds
  4 quokkas
  5 bats
  6 frilled lizards
  2 gnoll skeletons (Ossuary)
  A goblin skeleton (Ossuary)
  A jackal skeleton (D:7)
  2 kobold skeletons (Ossuary)
  A leopard gecko skeleton (D:5)
  3 orc skeletons (Ossuary)
  A quokka skeleton (D:6)
  7 rats
  11 rat skeletons (Ossuary)
  A plant (D:6)
300 creatures vanquished.

Vanquished Creatures (others)
  A basilisk (D:8)
  3 kobolds
4 creatures vanquished.

Grand Total: 304 creatures vanquished

Notes
Turn   | Place    | Note
-------+----------+-------------------------------------------
     0 | D:1      | Leszczynek the Deep Dwarf Monk began the quest for the Orb.
     0 | D:1      | Reached XP level 1. HP: 20/20 MP: 1/1
    50 | D:1      | Reached XP level 2. HP: 20/27 MP: 2/2
    74 | D:1      | Reached skill level 4 in Axes
   305 | D:2      | Noticed Robin
   527 | D:1      | Reached XP level 3. HP: 30/33 MP: 2/2
   803 | D:2      | Reached skill level 5 in Axes
   857 | D:2      | Noticed Jessica
   866 | D:2      | Killed Jessica
   866 | D:2      | Reached XP level 4. HP: 32/40 MP: 3/3
  1028 | D:2      | Killed Robin
  1125 | D:3      | Reached skill level 6 in Axes
  1212 | D:4      | Noticed Purgy
  1212 | D:4      | Noticed Natasha
  1267 | D:3      | Reached XP level 5. HP: 27/46 MP: 4/4
  1632 | D:3      | Reached skill level 1 in Shields
  1747 | D:4      | Found a hazy altar of Hepliaklqana.
  1751 | D:4      | Reached skill level 2 in Shields
  1792 | D:3      | Killed Purgy
  1792 | D:3      | Reached skill level 3 in Shields
  1792 | D:3      | Reached XP level 6. HP: 19/55 MP: 5/5
  1830 | D:4      | HP: 10/55 [something/magic dart (8)]
  1864 | D:3      | HP: 10/55 [something/puff of frost (5)]
  1866 | D:3      | Reached skill level 4 in Shields
  2089 | D:4      | Reached skill level 2 in Maces & Flails
  2238 | D:4      | Found a glowing golden altar of the Shining One.
  2336 | D:5      | Entered Level 5 of the Dungeon
  2449 | D:5      | Reached skill level 3 in Maces & Flails
  2449 | D:5      | Reached XP level 7. HP: 40/61 MP: 4/4
  2495 | D:5      | Found a burning altar of Makhleb.
  2532 | D:5      | Became a worshipper of Makhleb the Destroyer
  2532 | D:5      | Reached * piety under Makhleb
  2532 | D:5      | Reached ** piety under Makhleb
  2567 | D:5      | Reached skill level 4 in Maces & Flails
  2567 | D:5      | Reached skill level 1 in Invocations
  2659 | D:5      | Reached skill level 2 in Invocations
  2864 | D:5      | Reached skill level 3 in Invocations
  2937 | D:6      | Found Pesonoux's Antique Weapon Emporium.
  2951 | D:6      | Bought a war axe for 87 gold pieces
  3156 | D:6      | Reached skill level 1 in Armour
  3156 | D:6      | Reached skill level 4 in Invocations
  3180 | D:6      | Found a shadowy altar of Dithmenos.
  3199 | D:6      | Found Cittipti's Food Shop.
  3213 | D:6      | Reached skill level 7 in Axes
  3213 | D:6      | Reached XP level 8. HP: 25/68 MP: 8/8
  3236 | D:6      | Found Utonuerr's Antique Armour Boutique.
  3266 | D:6      | Learned a level 2 spell: Song of Slaying
  3270 | D:6      | Learned a level 3 spell: Spectral Weapon
  3301 | D:6      | Found an ancient bone altar of Kikubaaqudgha.
  3338 | D:6      | Reached skill level 2 in Armour
  3469 | D:6      | Found a sacrificial altar of Ru.
  3517 | D:6      | Found Noddu's Food Emporium.
  3585 | D:7      | Noticed Joseph
  3619 | D:7      | Killed Joseph
  3619 | D:7      | Reached skill level 8 in Axes
  3619 | D:7      | Reached skill level 3 in Armour
  3619 | D:7      | Reached skill level 5 in Invocations
  3668 | D:7      | HP: 2/68 [ogre/giant spiked club (18)]
  3670 | D:7      | Noticed Prince Ribbit
  3815 | D:7      | Reached skill level 9 in Axes
  3815 | D:7      | Reached skill level 6 in Invocations
  3831 | D:7      | Reached skill level 4 in Armour
  3831 | D:7      | Gained mutation: You passively map the area around you. [Deep Dwarf growth]
  3831 | D:7      | Reached XP level 9. HP: 34/74 MP: 9/9
  3886 | D:7      | Found a staircase to the Ecumenical Temple.
  3934 | D:7      | HP: 13/74 [Prince Ribbit (7)]
  4072 | D:7      | Got a pair of shimmering boots
  4078 | D:7      | Identified the +3 pair of boots of the Pirate {rC+ Str+4 Dex+3} (You found it on level 7 of the Dungeon)
  4078 | D:7      | nice!
  4205 | D:8      | Noticed Gastronok
  4232 | D:8      | Reached *** piety under Makhleb
  4232 | D:8      | Reached skill level 10 in Axes
  4232 | D:8      | Reached skill level 5 in Armour
  4232 | D:8      | Reached skill level 7 in Invocations
  4369 | D:8      | Found a sparkling altar of Nemelex Xobeh.
  4433 | D:8      | Found a sand-covered staircase.
  4446 | Ossuary  | Entered an ossuary
  4690 | Ossuary  | Reached **** piety under Makhleb
  4757 | D:8      | Found a staircase to the Lair.
  4978 | D:9      | Reached skill level 8 in Invocations
  5009 | D:9      | Noticed a two-headed ogre
  5016 | D:9      | Killed a two-headed ogre
  5016 | D:9      | Reached skill level 11 in Axes
  5016 | D:9      | Reached skill level 6 in Armour
  5016 | D:9      | Reached XP level 10. HP: 77/81 MP: 12/12
  5134 | D:9      | Found a flagged portal.
  5143 | Bailey   | Entered a bailey
  5148 | Bailey   | Noticed an orc warlord
  5249 | Bailey   | Found a runed gate.
  5251 | Bailey   | Found a runed gate.
  5253 | Bailey   | Found a runed gate.
  5260 | Bailey   | Noticed an orc knight
  5316 | Bailey   | Killed an orc knight
  5316 | Bailey   | Reached skill level 3 in Fighting
  5437 | Bailey   | Killed an orc warlord
  5437 | Bailey   | Reached skill level 12 in Axes
  5437 | Bailey   | Reached skill level 7 in Armour
  5437 | Bailey   | Reached skill level 9 in Invocations
  5454 | Bailey   | Identified a scroll of acquirement
  5468 | Bailey   | Reached skill level 11 in Evocations
  5468 | Bailey   | Reached XP level 11. HP: 39/91 MP: 12/14
  5717 | D:9      | Reached skill level 4 in Fighting
  5850 | D:10     | Entered Level 10 of the Dungeon
  5927 | D:11     | Reached ***** piety under Makhleb
  5927 | D:11     | Reached skill level 10 in Invocations
  5934 | D:11     | Reached XP level 12. HP: 100/100 MP: 15/15
  5960 | D:11     | Reached skill level 8 in Armour
  6052 | D:11     | Reached skill level 13 in Axes
  6111 | D:11     | Found Lanecy's Magic Scroll Shoppe.
  6159 | D:11     | Bought a scroll of teleportation for 51 gold pieces
  6159 | D:11     | Bought a scroll of teleportation for 51 gold pieces
  6214 | D:10     | Reached skill level 5 in Fighting
  6308 | D:12     | HP: 16/103 [hellwing[a kobold demonologist] (13)]
  6308 | D:12     | HP: 5/103 [hellwing[a kobold demonologist] (11)]
  6308 | D:12     | HP: 2/103 [hellwing[a kobold demonologist] (3)]
  6310 | D:12     | Slain by a hellwing

Vault maps used:
D:1:      sevenhm_arrival_forest_fort_small_3
D:2:      uniq_robin, uniq_jessica
D:3:      kennysheep_generic_room_10
D:4:      marbit_many_paths, kennysheep_mini_moat, first_bread,
          serial_corexii_hall, corexii_hall_statues_i, corexii_hall_statues_s,
          hangedman_decor_lopped, uniq_purgy, uniq_natasha
D:5:      wad_crossroads, makhleb_heckhound_becter, kennysheep_generic_room_2
D:6:      lemuel_doored_altar, nicolae_ru_the_path_less_chosen,
          kiku_gazebo_garden_becter, serial_shops, kennysheep_mini, shop, shop,
          nicolae_shop_behind_doors
D:7:      minmay_temple_entry_large_hall, uniq_prince_ribbit1, uniq_joseph
D:8:      kennysheep_little_box, david_lair_generic,
          lightli_ossuary_entry_decrepit_ruins, uniq_gastronok
D:9:      dancing_weapons_uskayaw, enter_bailey_2
D:10:     kennysheep_orc_monster_closet_entryway
D:11:     serial_shops, shop, hangedman_stone_soup
D:12:     fort_yaktaur, minmay_parallelograms
Ossuary:  ossuary_due_small_catacomb
Bailey:   bailey_axe_bossmonster_kennysheep, bailey

Skill      XL: |  1  2  3  4  5  6  7  8  9 10 11 12 |
---------------+-------------------------------------+-----
Axes           | 4 5 6 7 9 11 12 13 | 13.2
Shields        | 3 4 |  4.0
Maces & Flails | 3 4 |  4.8
Invocations    | 4 6 8 9 10 | 10.4
Armour         | 1 4 6 7 8 |  8.4
Fighting       | 3 4 5 |  5.0
Evocations     | 11 | 11.3
Dodging        | |  3.4
Stealth        | |  2.4

Action                   |  1- 3 |  4- 6 |  7- 9 | 10-12 || total
-------------------------+-------+-------+-------+-------++-------
Melee: Hand axe          |    16 |    39 |       |       ||    55
       Spear             |    86 |   184 |       |       ||   270
       Flail             |       |   113 |   138 |       ||   251
       War axe           |       |       |   406 |   128 ||   534
       Broad axe         |       |       |       |   225 ||   225
Throw: Throwing net      |       |     1 |       |       ||     1
Invok: Minor Destruction |       |       |    42 |    17 ||    59
 Abil: Heal Wounds       |     1 |     7 |     7 |     5 ||    20
Evoke: Wand              |       |       |     1 |       ||     1
  Use: Scroll            |     1 |       |    10 |     8 ||    19
       Potion            |       |       |     3 |     1 ||     4
 Stab: Sleeping          |     2 |     4 |       |       ||     6
       Distracted        |     1 |     1 |       |       ||     2
       Held in net/web   |       |       |     1 |       ||     1
  Eat: Chunk             |       |     6 |     9 |     5 ||    20
Armor: Robe              |     8 |     4 |       |       ||    12
       Ring mail         |       |    99 |    40 |       ||   139
       Plate armour      |       |       |   169 |   226 ||   395
       Skin              |       |       |    56 |       ||    56
Dodge: Dodged            |    57 |   142 |   153 |   126 ||   478
Block: Buckler           |       |    27 |   123 |   123 ||   273
       Reflection        |       |       |     1 |    22 ||    23
